 Dungeon Crawl Stone Soup version 0.30.1-11-g7821555f0a (webtiles) character file.

Game seed: 11143766722767879641

158 Okkudo the Chopper (level 5, -7/46 HPs)
             Began as a Hill Orc Monk on Dec 1, 2023.
             Killed by divine providence
             ... invoked by an orc priest
              (13 damage)
             ... on level 4 of the Dungeon.
             The game lasted 00:06:55 (2447 turns).

Okkudo the Chopper (Hill Orc Monk)                  Turns: 2447, Time: 00:06:55

Health: -7/46      AC:  8    Str: 16    XL:     5   Next: 40%
Magic:  5/5        EV: 15    Int: 10    God:
Gold:   223        SH:  0    Dex: 13    Spells: 4/4 levels left

rFire   . . .        a - +0 hand axe
rCold   . . .        d - orb {light}
rNeg    . . .        n - +0 scale mail
rPois   .            k - +0 helmet
rElec   .            (no cloak)
rCorr   .            (no gloves)
SInv    .            s - +0 pair of boots
Will    .....        (no amulet) Stlth
                     p - +5 ring of evasion
HPRegen 0.27/turn    (no ring)
MPRegen 0.09/turn

%: no passive effects
@: confused, glowing
A: no striking features
a: Convert to Beogh


You were on level 4 of the Dungeon.
You visited 1 branch of the dungeon, and saw 4 of its levels.

You collected 223 gold pieces.

Inventory:

Hand Weapons
 a - a +0 hand axe (weapon)
Missiles
 o - 6 poisoned darts (quivered)
Armour
 d - an orb of light (worn)
 k - a +0 helmet (worn)
 n - a +0 scale mail (worn)
 s - a +0 pair of boots (worn)
Jewellery
 p - a +5 ring of evasion (left hand)
 q - an amulet of the acrobat
 w - a ring of positive energy
Wands
 j - a wand of flame (13)
 y - a wand of digging (2)
Scrolls
 e - a scroll of silence
 g - a scroll of torment
 h - 3 scrolls of noise
 l - 2 scrolls of teleportation
 r - 2 scrolls of immolation
 x - a scroll of fear {unknown}
 z - a scroll of vulnerability {unknown}
Potions
 b - a potion of lignification {unknown}
 c - a potion of ambrosia
 f - a potion of degeneration {unknown}
 i - a potion of curing {unknown}
 m - 3 potions of mutation {unknown}
 t - a potion of attraction {unknown}
 u - a potion of might {unknown}
 v - a potion of cancellation {unknown}


   Skills:
 - Level 4.1 Fighting
 * Level 7.3 Axes
 - Level 2.7 Dodging


You had 4 spell levels left.
You didn't know any spells.
Your spell library was empty.

Dungeon Overview and Level Annotations

Branches:
Dungeon (4/15)             Temple (0/1) D:4

Altars:
Dithmenos
Qazlal
Lugonu

Portals:
Abyss: D:4


Message History

The orc barely misses you.
You hear a shout!
You bump into the rock wall.
You hear a shout!
The orc wizard casts a spell at you.
You are more confused.
The orc hits you from afar with a +0 trident!
* * * LOW HITPOINT WARNING * * *
An orc comes into view. It is wielding a +0 club.
The orc wizard hits you but does no damage.
The orc closely misses you.
You hit the orc.
The orc is almost dead.
You hit the orc wizard.
You kill the orc wizard!
The orc barely misses you.
Your life force feels restored.
You're too confused to move!
The orc misses you.
An orc priest comes into view. It is wielding a +0 short sword.
You bump into the rock wall.
The orc hits you with a +0 trident.
* * * LOW HITPOINT WARNING * * *
The orc priest shouts, "Beogh is our master!
Accept the truth or die!" (press Y on the ability menu to convert to Beogh)
You are too confused!
Unknown command.
You bump into the rock wall.
The orc misses you.
The orc priest hits you but does no damage.
Unknown command.
You barely miss the orc.
The orc is almost dead.
You hit the orc priest but do no damage.
The orc barely misses you. The orc priest barely misses you.
An orc comes into view. It is wielding a +0 short sword.
The orc priest shouts, "Beogh is our master!
Accept the truth or die!"
You hit the orc.
You kill the orc!
You closely miss the orc priest.
The orc priest mumbles some strange prayers to Beogh against you.
Beogh smites you!
You die...

#...# #.# . #...#
#>###.### ##...#
#.#...... ##.#.##
#.#.#..#
###....######.#..#
.............?..#
###....######.o##
##.#.# ###o##
###.# #)@# #.#
###g.# #.# #.# #.#
.# #.# # ######.#
.......# ########


You could see an orc priest, an orc and a hobgoblin.

Vanquished Creatures
  An iguana (D:4)
  An orc wizard (D:4)
  3 adders
  A worm (D:2)
  A dart slug (D:1)
  12 orcs
  7 ball pythons
  3 endoplasms
  2 giant cockroaches
  A goblin (D:3)
  2 hobgoblins
  11 kobolds
  4 quokkas
  8 bats
  3 frilled lizards (D:1)
  7 rats
67 creatures vanquished.

Notes
Turn   | Place    | Note
-------+----------+-------------------------------------------
     0 | D:1      | Okkudo the Hill Orc Monk began the quest for the Orb.
     0 | D:1      | Reached XP level 1. HP: 19/19 MP: 1/1
   204 | D:1      | Reached XP level 2. HP: 25/27 MP: 2/2
   722 | D:2      | Reached XP level 3. HP: 32/33 MP: 3/3
   740 | D:2      | Found a faded altar of an unknown god.
   814 | D:2      | Reached skill level 5 in Axes
  1281 | D:2      | Reached XP level 4. HP: 40/40 MP: 4/4
  1429 | D:3      | Reached skill level 6 in Axes
  1658 | D:3      | Found a stormy altar of Qazlal.
  1658 | D:3      | Found a shadowy altar of Dithmenos.
  1957 | D:4      | Reached XP level 5. HP: 43/46 MP: 5/5
  2044 | D:4      | Found a one-way gate to the infinite horrors of the Abyss.
  2099 | D:4      | Found a large runed translucent door.
  2100 | D:4      | Found a large runed translucent door.
  2100 | D:4      | Found a corrupted altar of Lugonu.
  2141 | D:4      | Reached skill level 7 in Axes
  2361 | D:4      | Found a staircase to the Ecumenical Temple.
  2447 | D:4      | Killed from afar by an orc priest

Illustrated notes

Levels and vault maps discovered:
D:1:      grunt_arrival_crossed_arrows, layout_loops_ring, hex_large,
          minmay_tetromino_s4
D:2:      layout_basic, basic_ecumenical_altar
D:3:      layout_rooms, gammafunk_temple_overflow_statue, minivault_14
D:4:      due_chaos_kobolds, layout_loops_corners, minmay_temple_entry_poolview

Skill      XL: |  1  2  3  4  5 |
---------------+----------------+-----
Fighting       | 4 |  4.1
Axes           | 5 6 7 |  7.3
Dodging        | |  2.7

Action                     |  1- 3 |  4- 6 || total
---------------------------+-------+-------++-------
  Melee: Hand axe          |    82 |   101 ||   183
    Use: Scroll            |       |     5 ||     5
 Armour: Robe              |    17 |       ||    17
         Scale mail        |    16 |    35 ||    51
  Dodge: Dodged            |    67 |    87 ||   154
